 Dungeon Crawl Stone Soup version 0.29-a0-648-g6b26cc9f40 (webtiles) character file.

Game seed: 13205954138595599250

1736 omnomnOMINOUS the Conjurer (level 9, 0/61 HPs)
             Began as an Octopode Wanderer on June 19, 2022.
             Was a Priest of Wu Jian.
             Slain by Duvessa
             ... wielding a +0 short sword
              (5 damage)
             ... on level 7 of the Dungeon on June 20, 2022.
             The game lasted 00:24:55 (7591 turns).

omnomnOMINOUS the Conjurer (Octopode Wanderer)      Turns: 7591, Time: 00:24:57

Health: 0/61       AC:  1    Str:  9    XL:     9   Next: 5%
Magic:  2/3        EV: 14    Int: 24    God:    Wu Jian [***...]
Gold:   321        SH:  0    Dex: 11    Spells: 8/12 levels left

rFire   . . .      SeeInvis .   b - +8 short sword of Expedience {pain, +Blink MP-9 Int+3}
rCold   + . .      Faith    .   (no shield)
rNeg    . . .      Spirit   .   t - +0 hat
rPois   .          Reflect  .   (no amulet)
rElec   .          Harm     .   e - ring of protection from cold
rCorr   +          Rampage  .   y - ring of resist corrosion
Will    .....                   (no ring)
Stlth   +++.......              (no ring)
HPRegen 0.20/turn               (no ring)
MPRegen 0.08/turn               (no ring)
                                (no ring)
                                (no ring)

@: brilliant
A: almost no armour, amphibious, 8 rings, camouflage 1, gelatinous body 1,
(nimble swimmer 1), tentacles
a: Renounce Religion, Evoke Blink, Wall Jump, Serpent's Lash


You were on level 7 of the Dungeon.
You worshipped Wu Jian.
Wu Jian was most pleased with you.
You visited 1 branch of the dungeon, and saw 7 of its levels.

You collected 347 gold pieces.
You spent 26 gold pieces at shops.

Inventory:

Hand Weapons
 a - a +2 vorpal spear
 b - the +8 short sword of Expedience (weapon) {pain, +Blink MP-9 Int+3}
   (You found it on level 3 of the Dungeon)

   In the hands of one skilled in necromantic magic, it inflicts extra damage on
   living creatures.
   Int:       It affects your intelligence (+3).
   MP:        It affects your magic capacity (-9).
   +Blink:    It lets you blink.
 c - a +4 dire flail
 z - a +3 hand axe
 B - a +3 dagger of venom
Armour
 n - an orb of wrath
 t - a +0 hat (worn)
Jewellery
 e - a ring of protection from cold (left tentacle)
 y - a ring of resist corrosion (right tentacle)
Wands
 m - a wand of mindburst (11)
 q - a wand of digging (5)
Scrolls
 d - 3 scrolls of immolation {unknown}
 f - a scroll of magic mapping {unknown}
 g - 5 scrolls of poison
 h - a scroll of enchant weapon {unknown}
 j - 2 scrolls of identify
 k - 2 scrolls of amnesia {unknown}
 p - a scroll of fog {unknown}
 r - 2 scrolls of teleportation {unknown}
 v - a scroll of summoning {unknown}
 w - a scroll of vulnerability {unknown}
 x - a scroll of fear {unknown}
Potions
 i - a potion of brilliance
 l - 3 potions of attraction
 o - a potion of mutation
 s - 2 potions of curing
 u - a potion of haste {unknown}
 A - a potion of flight


   Skills:
 + Level 5.5 Fighting
 - Level 1.0 Throwing
 + Level 5.5 Dodging
 - Level 2.6 Stealth
 - Level 2.0 Spellcasting
 + Level 6.0 Conjurations
 + Level 5.0 Earth Magic
 - Level 2.4 Poison Magic
 - Level 1.1 Evocations


You had 8 spell levels left.
You knew the following spells:

 Your Spells              Type           Power      Damage    Failure   Level
a - Foxfire               Conj/Fire      100%       2x1d9     3%          1
b - Stone Arrow           Conj/Erth      86%        3d12      3%          3

Your spell library contained the following spells:

 Spells                   Type           Power      Damage    Failure   Level
 Sting                    Tmut/Pois      48%        1d5       8%          1
 Poisonous Vapours        Pois/Air       24%        N/A       11%         2
 Apportation              Tloc           6%         N/A       12%         1
 Olgreb's Toxic Radiance  Pois           21%        N/A       41%         4
 Irradiate                Conj/Tmut      12%        3d17      67%         5
 Alistair's Intoxication  Tmut/Pois      8%         N/A       90%         5
 Blade Hands              Tmut           1%         N/A       97%         5
 Dragon Form              Tmut           1%         N/A       100%        7


Dungeon Overview and Level Annotations

Branches:
Dungeon (7/15)             Temple (0/1) D:7

Altars:
Cheibriados
Fedhas
Ru
Wu Jian
Zin
Beogh

Shops:
D:2 *

Annotations:
D:5 3 runed translucent doors, slowmoth's ghost, novice DrCj
D:7 Duvessa


Innate Abilities, Weirdness & Mutations

You cannot wear most types of armour.
You are amphibious.
You can wear up to eight rings at the same time.
Your skin changes colour to match your surroundings (Stealth+).
Your rubbery body absorbs attacks. (AC +1, EV +1)
((You are camouflaged when in or above water. (Stealth+)))
You have tentacles for arms and can constrict up to eight enemies at once.


Message History

Duvessa hits you with a +0 short sword!
* * * LOW HITPOINT WARNING * * *
Okay, then.
Unknown command.
It was a potion of brilliance.
You feel clever all of a sudden. Duvessa barely misses you.
Casting: Stone Arrow (dangerous; 4% risk of failure)
Confirm with . or Enter, or press ? or * to list all spells.
Aiming: Stone Arrow (dangerous; 4% risk of failure)
Press: ? - help, Shift-Dir - straight line, f/p - Duvessa
Aim: Duvessa, wielding a +0 short sword and wearing a +0 chain mail of poison resistance (heavily wounded, 84% to hit)
You feel a surge of power!
The stone arrow hits Duvessa!
Duvessa is almost dead.
Duvessa drinks a potion.
Duvessa is healed!
Casting: Stone Arrow (dangerous; 4% risk of failure)
Confirm with . or Enter, or press ? or * to list all spells.
You don't have enough magic to cast this spell.
Unknown command.
Unknown command.
You feel clever.
You have a feeling of ineptitude.
b - the +8 short sword of Expedience (weapon)
{pain, +Blink MP-9 Int+3} You hit Duvessa.
Your grab misses Duvessa.
Your tentacle-slap misses Duvessa.
You squeeze Duvessa, but do no damage.
Duvessa is severely wounded.
Duvessa hits you with a +0 short sword!
* * * LOW HITPOINT WARNING * * *
You feel better. Duvessa completely misses you.
You hit Duvessa but do no damage. Your grab misses Duvessa.
Duvessa is severely wounded.
Duvessa barely misses you.
You barely miss Duvessa. You grab Duvessa.
Duvessa is severely wounded.
You constrict Duvessa, but do no damage.
Duvessa says, "My weaknesses are his strengths!"
Duvessa hits you with a +0 short sword!
* * * LOW HITPOINT WARNING * * *
Duvessa hits you with a +0 short sword.
You die...

#.#.#.#.##......####
#.#.#.#.##.....(....
#.#.#†#.##..........
#####[#.#.#.##......e...
......#.....##......#
.####.#.....##..)# .## .#
#.......##...# .. ### .#
#.......####e##.##...
.####....##..###@#K.....#
..............##.#.$...#
.####.....##..##.#.....#
.# #......<#.##.#....##
.# #.#####.#.##.###### .#
#.#.....#..#.....# .#
#.#.#####..#####.# .#
#.#.#####...# #.#
#####.#.......#.# ##.#


You could see Duvessa.

Vanquished Creatures
  A water moccasin (D:6)
  An ice beast (D:6)
  A sky beast (D:7)
  2 black bears
  3 ogres
  2 kobold brigands
  2 necrophages
  A scorpion (D:5)
  3 wights (D:7)
  2 jellies (D:5)
  6 hounds
  2 orc wizards (D:3)
  3 iguanas
  4 gnolls (D:5)
  3 adders
  A white imp (D:7)
  An ufetubus (D:5)
  5 worms
  A dart slug (D:2)
  6 orcs
  8 endoplasms
  6 giant cockroaches
  2 hobgoblins (D:2)
  12 jackals
  7 kobolds
  7 quokkas
  8 ball pythons
  8 bats
  A frilled lizard (D:1)
  7 goblins
  7 rats
123 creatures vanquished.

Vanquished Creatures (others)
  157 foxfires
157 creatures vanquished.

Grand Total: 280 creatures vanquished

Notes
Turn   | Place    | Note
-------+----------+-------------------------------------------
     0 | D:1      | omnomnOMINOUS the Octopode Wanderer began the quest for the
                  | Orb.
     0 | D:1      | omnomnOMINOUS set off with the following items: a +0
                  | dagger, a potion of mutation, a +0 hat; and the following
                  | spells available to memorise: Sting, Foxfire, Poisonous
                  | Vapours, Stone Arrow, Olgreb's Toxic Radiance.
     0 | D:1      | Reached XP level 1. HP: 11/11 MP: 3/3
     2 | D:1      | Learned a level 1 spell: Foxfire
   439 | D:1      | Reached XP level 2. HP: 18/18 MP: 3/5
   608 | D:1      | Reached skill level 1 in Fighting
   608 | D:1      | Reached skill level 1 in Dodging
   675 | D:1      | Found a faded altar of an unknown god.
   687 | D:1      | Prayed at the altar of an unknown god.
   687 | D:1      | Became a worshipper of the Wu Jian Council
   687 | D:1      | Reached * piety under Wu Jian
   721 | D:1      | Reached XP level 3. HP: 8/23 MP: 4/6
  1628 | D:2      | Reached ** piety under Wu Jian
  1936 | D:2      | You fall into a shaft and drop 1 floor!
  1955 | D:3      | Identified the +8 short sword of Expedience {pain, +Blink
                  | MP-9 Int+3}
  2019 | D:3      | Reached XP level 4. HP: 20/29 MP: 1/7
  2270 | D:2      | Reached skill level 3 in Conjurations
  2468 | D:2      | Upgraded the game from 0.29-a0-620-g13ace881f2 to
                  | 0.29-a0-648-g6b26cc9f40
  2472 | D:2      | Learned a level 3 spell: Stone Arrow
  2650 | D:2      | Found Bimoth's General Store.
  2660 | D:2      | Bought a scroll of identify for 26 gold pieces
  3348 | D:3      | Reached XP level 5. HP: 34/34 MP: 6/8
  3652 | D:3      | Reached skill level 1 in Earth Magic
  4013 | D:3      | Found a blossoming altar of Fedhas.
  4062 | D:4      | Noticed a kobold brigand
  4063 | D:4      | Killed a kobold brigand
  4064 | D:4      | Reached XP level 6. HP: 41/41 MP: 9/9
  4298 | D:4      | HP: 1/42 [ogre/+0 giant club (34)]
  4313 | D:4      | Reached skill level 4 in Conjurations
  4313 | D:4      | Reached XP level 7. HP: 29/46 MP: 10/10
  5198 | D:5      | Entered Level 5 of the Dungeon
  5360 | D:5      | Reached *** piety under Wu Jian
  5546 | D:5      | Reached XP level 8. HP: 40/54 MP: 9/11
  5742 | D:5      | Found a runed translucent gate.
  5742 | D:5      | Found a runed translucent gate.
  5742 | D:5      | Found a runed translucent gate.
  5747 | D:5      | Noticed slowmoth's ghost (novice DrCj)
  5850 | D:5      | Found a glowing silver altar of Zin.
  5854 | D:5      | Found a sacrificial altar of Ru.
  5858 | D:5      | Found a snail-covered altar of Cheibriados.
  5992 | D:5      | Reached skill level 5 in Conjurations
  6828 | D:7      | Found a staircase to the Ecumenical Temple.
  6847 | D:7      | Reached skill level 5 in Dodging
  6880 | D:7      | Reached skill level 5 in Fighting
  7295 | D:7      | Reached XP level 9. HP: 18/59 MP: 3/12
  7573 | D:7      | Reached skill level 6 in Conjurations
  7573 | D:7      | Noticed Duvessa
  7580 | D:7      | Reached skill level 5 in Earth Magic
  7591 | D:7      | Slain by Duvessa

Illustrated notes

Levels and vault maps discovered:
D:1:      matt_arrival_spirals, layout_basic, serial_forest,
          infiniplex_forest_end_1, infiniplex_forest_lined_2,
          infiniplex_forest_clump_tiny, infiniplex_forest_lined_3,
          infiniplex_forest_end_1, infiniplex_forest_zigzag_1,
          shapermc_ecumenical_altar_starsandcircs,
          chequers_serial_rivers_small_b, amcnicky_mini_corridor_feature
D:2:      layout_loops_ring, serial_shops, nicolae_lakefront_shop, st_stairs_5,
          minmay_bisected
D:3:      layout_basic, lemuel_doored_altar, hangedman_feature_mirror
D:4:      layout_gridville, hangedman_abyss_or_decor_stagger,
          minmay_misc_feat_columns
D:5:      layout_basic, nicolae_overflow_hidden_temple,
          biasface_ghost_orc_armoury
D:6:      layout_loops_cross, uniq_crazy_yiuf_cottage
D:7:      kennysheep_windowed_halls, layout_basic,
          minmay_temple_entry_glassed_door, serial_co_window_serial,
          co_window_corner_a, co_window_paths_a, co_window_corner_a,
          co_window_paths_b, co_window_paths_a, co_window_unsneaky_path_e,
          co_window_corner_cb, co_window_unsneaky_path_a, glass_columns_c,
          glass_columns_a, glass_columns_a, glass_columns_c, uniq_menkaure,
          uniq_duvessa

Skill      XL: |  1  2  3  4  5  6  7  8  9 |
---------------+----------------------------+-----
Fighting       | 1 2 3 4 5 |  5.5
Dodging        | 1 2 3 4 5 |  5.5
Conjurations   | 3 4 5 6 |  6.0
Earth Magic    | 1 2 3 4 5 |  5.0
Throwing       | |  1.0
Stealth        | |  2.6
Spellcasting   | |  2.0
Poison Magic   | |  2.4
Evocations     | |  1.1

Action                   |  1- 3 |  4- 6 |  7- 9 || total
-------------------------+-------+-------+-------++-------
Melee: Spear             |    91 |    49 |    68 ||   208
       Constrict         |    12 |    18 |    21 ||    51
       Tentacles         |    11 |    18 |    28 ||    57
       Rapier            |       |    11 |       ||    11
       Whip              |       |    16 |    28 ||    44
       Punch             |       |     1 |     3 ||     4
       Short sword       |       |       |    12 ||    12
 Cast: Foxfire           |    29 |    33 |    29 ||    91
       Stone Arrow       |       |       |    25 ||    25
Invok: Whirlwind         |     1 |     1 |       ||     2
       Lunge             |       |       |     6 ||     6
 Abil: Wall Jump         |       |       |     1 ||     1
Evoke: Wand              |       |     4 |     2 ||     6
  Use: Scroll            |       |     4 |       ||     4
       Potion            |       |     4 |     3 ||     7
 Stab: Sleeping          |     6 |     2 |    10 ||    18
Armor: Skin              |    16 |     5 |     5 ||    26
Dodge: Dodged            |    64 |    57 |    67 ||   188

Table legend: (Time is in decaauts)
 A = Elapsed time spent in this place.
 B = Non-inter-level travel time spent in this place.
 C = Inter-level travel time spent in this place.
 D = Time resting spent in this place.
 E = Time spent auto-exploring this place.
 F = Levels seen in this place.
 G = Mean time per level.
                   A        B        C        D        E       F      G
               +--------+--------+--------+--------+--------+-----+--------+
         Total |   7612 |   7423 |    189 |   2115 |   4001 |   7 | 1087.4 |
       Dungeon |   7612 |   7423 |    189 |   2115 |   4001 |   7 | 1087.4 |
               +--------+--------+--------+--------+--------+-----+--------+

Top non-repeatable levels by time:
     D:2: 1519 daAuts
     D:1: 1486 daAuts
     D:4: 1171 daAuts
     D:3: 1038 daAuts
     D:5: 953 daAuts
     D:7: 821 daAuts
     D:6: 621 daAuts
